 Dungeon Crawl Stone Soup version 0.28-a0-655-g4eb62b627b (webtiles) character file.

Game seed: 8442327293551760823

290 avis the Insei (level 6, -2/42 HPs)
             Began as an Octopode Transmuter on Oct 12, 2021.
             Killed by divine providence
             ... invoked by an orc priest
              (9 damage)
             ... on level 3 of the Dungeon.
             The game lasted 00:24:17 (3929 turns).

avis the Insei (Octopode Transmuter)                Turns: 3929, Time: 00:24:18

Health: -2/42      AC:  2    Str: 11    XL:     6   Next: 32%
Magic:  6/9        EV: 19    Int: 16    God:
Gold:   60         SH:  0    Dex: 17    Spells: 5/9 levels left

rFire   . . .      SeeInvis .     - Unarmed
rCold   . . .      Faith    .   (shield currently unavailable)
rNeg    . . .      Spirit   .   (helmet currently unavailable)
rPois   x          Reflect  .   (no amulet)
rElec   .          Harm     .   (no ring)
rCorr   .          Rampage  .   (no ring)
Will    .....                   (no ring)
Stlth   ++........              (no ring)
HPRegen 0.14/turn               (no ring)
MPRegen 0.11/turn               (no ring)
                                (no ring)
                                (no ring)

@: spider-form (expiring)
A: venomous fangs, almost no armour, (amphibious), 8 rings, tiny, (camouflage
1), (gelatinous body 1), (nimble swimmer 1), (tentacles)
a: End Transformation


You were on level 3 of the Dungeon.
You were a venomous arachnid creature.
You visited 1 branch of the dungeon, and saw 3 of its levels.
You also visited: Sewer.

You collected 60 gold pieces.

Inventory:

Hand Weapons
 b - a +0 hunting sling (melded)
 x - a +0 hand crossbow
Missiles
 a - 99 stones
 c - 38 bolts
 g - 59 sling bullets
 l - 27 arrows
 v - 6 poisoned darts
Magical Staves
 o - a staff of death
Jewellery
 p - a ring of flight
Scrolls
 d - 2 scrolls of amnesia {unknown}
 e - a scroll of blinking {unknown}
 f - a scroll of magic mapping
 j - a scroll of immolation {unknown}
 q - a scroll of holy word {unknown}
Potions
 h - a potion of lignification
 i - a potion of curing
 k - a potion of berserk rage {unknown}
 m - 2 potions of resistance {unknown}
 n - 2 potions of heal wounds {unknown}
 r - 2 potions of might {unknown}
 s - 3 potions of cancellation {unknown}
 t - a potion of magic {unknown}
 u - 2 potions of mutation {unknown}
 w - a potion of invisibility {unknown}
 z - a potion of haste {unknown}


   Skills:
 - Level 3.0 Fighting
 - Level 2.0 Dodging
 - Level 2.0 Stealth
 * Level 5.5 Unarmed Combat
 - Level 2.0 Spellcasting
 - Level 3.0 Transmutations


You had 5 spell levels left.
You knew the following spells:

 Your Spells              Type           Power      Damage    Failure   Level
a - Beastly Appendage     Tmut           22%        N/A       17%         1
p - Spider Form           Tmut/Pois      3%         N/A       54%         3

Your spell library contained the following spells:

 Spells                   Type           Power      Damage    Failure   Level
 Wereblood                Tmut           11%        N/A       22%         2
 Ice Form                 Ice/Tmut       6%         N/A       88%         4


Dungeon Overview and Level Annotations

Branches:
Dungeon (3/15)              Sewer (visited)

Altars:


Innate Abilities, Weirdness & Mutations

You are a venomous arachnid creature.
You have poisonous fangs.
You are tiny and dextrous.
Your spellcasting is less reliable in this form.
Your armour is entirely melded.
You are incapable of wielding weapons or throwing items.
You cannot wear most types of armour.
((You are amphibious.))
You can wear up to eight rings at the same time.
((Your skin changes colour to match your surroundings (Stealth+).))
((Your rubbery body absorbs attacks. (AC +1, EV +1)))
((You are camouflaged near water. (Stealth+)))
((You have tentacles for arms and can constrict up to eight enemies at once.))


Message History

You shoot a sling bullet.
The sling bullet closely misses the frilled lizard.
The frilled lizard hisses angrily.
You hear a shout!
Fire: 60 sling bullets
Press: ? - help, Q - select action, (/) - cycle Shift-Dir - straight line, f/p - frilled lizard
Aim: a frilled lizard (38% to hit)
You shoot a sling bullet.
The sling bullet hits the frilled lizard.
You kill the frilled lizard!
An orc priest comes into view. It is wielding a +0 falchion.
An orc comes into view. It is wielding a +0 short sword.
An orc comes into view. It is wielding a +0 war axe of flaming.
The orc moves out of view.
Casting: Spider Form (quite dangerous; 32% risk of failure)
Confirm with . or Enter, or press ? or * to list all spells.
The spell is quite dangerous to cast (32% risk of failure)!
Continue anyway?
You turn into a venomous arachnid creature.
Your +0 hunting sling melds into your body.
The orc shouts!
The orc priest looks encouraged for a moment.
A goblin and an orc come into view.
The orc priest calls down the wrath of Beogh upon you.
Beogh smites you!
A worm comes into view.
The orc shouts!
The goblin shouts!
You hit the orc priest.
The orc priest is poisoned.
The orc priest is lightly wounded.
The orc priest hits you with a +0 falchion!
You completely miss the orc priest.
The orc priest is lightly wounded.
Your transformation is almost over.
The orc priest mumbles some strange prayers to Beogh against you.
Beogh smites you!
* * * LOW HITPOINT WARNING * * *
An adder comes into view.
The orc barely misses you.
The orc priest mumbles some strange prayers to Beogh against you.
Beogh smites you!
You die...

,***,,,,,.S..............,,,*
,,,,,,,,,................,,,*
,,,*,,,,,...w.....(......,,,*
,,,,>,,,,................,,,*
,,,*,,,,,.........†g........#
,,,,,,,,........o...........#
,*,,,,,........ooo..........#
,,,,,,,.....##≈≈.≈≈##.......##
,,,,,,,.....##≈≈s≈≈##........#
,,,,,,,.....≈≈.....≈≈........#
*,,,,,,....≈≈≈.....≈≈........##
*,,,,,,........÷...≈≈.........#
,,,,,,,.....≈≈..÷..≈≈.........##
*,,,*,,.....≈≈.....≈≈.#........##
*,*,*,,..##≈##≈≈≈≈≈##.#...###....
*,*,,,,.,*#.*#≈≈≈≈≈##≈##### #....
*,*,,,*+**#...........# #....


You could see a worm, an orc priest (poisoned), 3 orcs and a goblin.

Vanquished Creatures
  2 kobold brigands (Sewer)
  Robin (D:2)
  2 gnolls (D:2)
  An adder (D:2)
  A river rat (D:3)
  2 worms
  2 dart slugs (D:2)
  7 endoplasms
  6 giant cockroaches
  10 goblins
  12 hobgoblins
  10 jackals
  A quokka (D:2)
  8 ball pythons
  5 bats
  5 frilled lizards
  15 kobolds
  5 rats
95 creatures vanquished.

Notes
Turn   | Place    | Note
-------+----------+-------------------------------------------
     0 | D:1      | avis the Octopode Transmuter began the quest for the Orb.
     0 | D:1      | Reached XP level 1. HP: 13/13 MP: 3/3
   110 | D:1      | Reached skill level 1 in Stealth
   334 | D:1      | Reached XP level 2. HP: 18/18 MP: 3/5
   933 | D:2      | Reached XP level 3. HP: 19/23 MP: 4/6
  1046 | D:1      | Learned a level 3 spell: Spider Form
  1218 | D:2      | Identified the +0 helmet of Honesty {rElec Str+3}
  1218 | D:2      | Noticed Robin
  1273 | D:1      | Reached skill level 4 in Unarmed Combat
  1484 | D:2      | Killed Robin
  1500 | D:2      | Reached XP level 4. HP: 20/29 MP: 2/7
  2499 | D:2      | Reached XP level 5. HP: 27/34 MP: 4/8
  2868 | D:3      | Reached skill level 5 in Unarmed Combat
  2911 | D:3      | Found a glowing drain.
  2934 | Sewer    | Entered a sewer
  3374 | Sewer    | Noticed a kobold brigand
  3383 | Sewer    | Killed a kobold brigand
  3615 | Sewer    | Noticed a kobold brigand
  3623 | Sewer    | Killed a kobold brigand
  3624 | Sewer    | Reached XP level 6. HP: 27/42 MP: 6/9
  3929 | D:3      | Killed from afar by an orc priest

Illustrated notes

Levels and vault maps discovered:
D:1:      dpeg_arrival_chambers_temple_mockup, layout_basic, dk_noncrumbling_2,
          hex_intersection
D:2:      wad_crossroads, layout_rooms, minivault_4, st_stairs_5, uniq_robin
D:3:      layout_basic, cheibrodos_sewer_entry_sluice,
          dreamdust_ecumenical_altar_drowned_temple

Skill      XL: |  1  2  3  4  5 |
---------------+----------------+-----
Stealth        | 2 |  2.0
Unarmed Combat | 4 5 |  5.5
Fighting       | 2 3 |  3.0
Transmutations | 3 |  3.0
Dodging        | |  2.0
Spellcasting   | |  2.0

Action                   |  1- 3 |  4- 6 || total
-------------------------+-------+-------++-------
Melee: Unarmed           |    71 |   106 ||   177
       Constrict         |    15 |    13 ||    28
       Kick              |     8 |     9 ||    17
       Punch             |     2 |       ||     2
       Tentacles         |     8 |     6 ||    14
 Fire: Hunting sling     |       |    27 ||    27
 Cast: Beastly Appendage |    21 |     9 ||    30
       Spider Form       |     5 |    15 ||    20
  Use: Scroll            |       |     3 ||     3
 Stab: Sleeping          |     5 |     7 ||    12
Armor: Skin              |     4 |    15 ||    19
Dodge: Dodged            |    56 |    91 ||   147

Table legend: (Time is in decaauts)
 A = Elapsed time spent in this place.
 B = Non-inter-level travel time spent in this place.
 C = Inter-level travel time spent in this place.
 D = Time resting spent in this place.
 E = Time spent auto-exploring this place.
 F = Levels seen in this place.
 G = Mean time per level.
                   A        B        C        D        E       F      G
               +--------+--------+--------+--------+--------+-----+--------+
         Total |   3920 |   3752 |    168 |   1745 |    844 |   4 |  980.0 |
       Dungeon |   2946 |   2778 |    168 |   1175 |    828 |   3 |  982.0 |
         Sewer |    974 |    974 |      0 |    570 |     16 |   1 |  974.0 |
               +--------+--------+--------+--------+--------+-----+--------+

Top non-repeatable levels by time:
     D:1: 1489 daAuts
     D:2: 1314 daAuts
   Sewer: 974 daAuts
     D:3: 143 daAuts
